 Dungeon Crawl Stone Soup version 0.28-a0-477-g0b43c73ce0 (webtiles) character file.

Game seed: 8037694205843119553

21112 HAL9000 the Slicer (level 12, -1/63 HPs)
             Began as a Vine Stalker Brigand on Sept 17, 2021.
             Was a Follower of Uskayaw.
             Slain by a wolf (4 damage)
             ... on level 3 of the Lair of Beasts.
             The game lasted 00:32:07 (16426 turns).

HAL9000 the Slicer (Vine Stalker Brigand)          Turns: 16426, Time: 00:32:07

Health: -1/63      AC:  8    Str: 15    XL:     12   Next: 86%
Magic:  0/20       EV: 11    Int: 18    God:    Uskayaw [*.....]
Gold:   1318       SH:  5    Dex: 18    Spells: 2/11 levels left

rFire   . . .      SeeInvis .   J - +4 rapier (holy)
rCold   . . .      Faith    .   D - +0 buckler
rNeg    + . .      Spirit   +   b - +0 robe
rPois   +          Reflect  .   (no helmet)
rElec   .          Harm     .   v - +2 ratskin cloak {*Rats rPois rN+ Str-1 Int-1 Dex+1}
rCorr   .          Rampage  .   m - +1 pair of gloves
Will    +....                   e - +0 pair of boots
Stlth   +++++.....              k - amulet of the acrobat
HPRegen 1.20/turn               H - +6 ring of intelligence
MPRegen 0.17/turn               r - ring of flight

@: about to teleport, flying
A: fangs 3, regeneration 1, magic shield, antimagic bite, no potion heal 2
a: Renounce Religion, Stomp


You were on level 3 of the Lair of Beasts.
You worshipped Uskayaw.
Uskayaw was aware of your devotion.
You visited 3 branches of the dungeon, and saw 15 of its levels.
You also visited: Ossuary.

You collected 1318 gold pieces.

Inventory:

Hand Weapons
 J - a +4 rapier of holy wrath (weapon)
 K - a +2 scimitar of flaming
 N - a +2 vampiric dagger
Missiles
 a - 3 silver javelins
 c - a curare-tipped dart
 d - 20 poisoned darts
 q - 10 boomerangs (quivered)
 s - 6 throwing nets
Armour
 b - a +0 robe (worn)
 e - a +0 pair of boots (worn)
 m - a +1 pair of gloves (worn)
 v - the +2 ratskin cloak (worn) {*Rats rPois rN+ Str-1 Int-1 Dex+1}
   (You found it on level 6 of the Dungeon)

   When the wearer is hurt, rats may emerge from it to assist them.
   Str:       It affects your strength (-1).
   Int:       It affects your intelligence (-1).
   Dex:       It affects your dexterity (+1).
   rPois:     It protects you from poison.
   rN:        It protects you from negative energy.
 D - a +0 buckler (worn)
Jewellery
 k - an amulet of the acrobat (around neck)
 r - a ring of flight (right hand)
 H - a +6 ring of intelligence (left hand)
 O - a ring of fire
Wands
 u - a wand of digging (8)
 M - a wand of polymorph (21)
Scrolls
 g - 13 scrolls of identify
 h - a scroll of vulnerability {unknown}
 i - 3 scrolls of immolation {unknown}
 n - 6 scrolls of magic mapping
 w - 3 scrolls of teleportation
 x - a scroll of fear {unknown}
 y - a scroll of noise {unknown}
 B - a scroll of enchant armour {unknown}
 E - 2 scrolls of amnesia {unknown}
 G - a scroll of blinking {unknown}
 L - a scroll of enchant weapon {unknown}
 Q - a scroll of fog {unknown}
 R - a scroll of holy word {unknown}
Potions
 f - a potion of flight {unknown}
 j - 3 potions of mutation {unknown}
 l - 8 potions of curing {unknown}
 o - 3 potions of magic {unknown}
 p - a potion of resistance {unknown}
 t - 3 potions of brilliance {unknown}
 z - 5 potions of heal wounds {unknown}
 A - 2 potions of might {unknown}
 C - a potion of invisibility {unknown}
 F - a potion of degeneration {unknown}
 P - a potion of haste {unknown}
Miscellaneous
 I - a phial of floods


   Skills:
 + Level 7.5 Fighting
 + Level 11.5 Short Blades
 - Level 6.4 Throwing
 - Level 0.7 Dodging
 - Level 10.2 Stealth
 - Level 4.0 Shields
 - Level 10.6 Invocations


You had 2 spell levels left.
You knew the following spells:

 Your Spells              Type           Power      Damage    Failure   Level
a - Swiftness             Air            0%         N/A       54%         3
b - Invisibility          Hex            0%         N/A       100%        6

Your spell library contained the following spells:

 Spells                   Type           Power      Damage    Failure   Level
 Animate Skeleton         Necr           0%         N/A       22%         1
 Foxfire                  Conj/Fire      0%         2x1d4     22%         1
 Magic Dart               Conj           0%         1d3       22%         1
 Pain                     Necr           0%         1d4       22%         1
 Sandblast                Erth           0%         2d4       22%         1
 Call Imp                 Summ           0%         N/A       32%         2
 Passwall                 Tmut/Erth      0%         N/A       32%         2
 Conjure Flame            Conj/Fire      0%         6-21      54%         3
 Ignite Poison            Fire/Tmut/Pois 0%         N/A       54%         3
 Inner Flame              Hex/Fire       0%         N/A       54%         3
 Mephitic Cloud           Conj/Pois/Air  0%         N/A       54%         3
 Ozocubu's Armour         Ice            0%         N/A       54%         3
 Stone Arrow              Conj/Erth      0%         3d7       54%         3
 Vampiric Draining        Necr           0%         2d6       54%         3
 Flame Wave               Conj/Fire      0%         3d3       91%         4
 Sticky Flame             Conj/Fire      0%         2d3       91%         4
 Ozocubu's Refrigeration  Ice            0%         4d5       100%        7


Dungeon Overview and Level Annotations

Branches:
Dungeon (11/15)            Temple (1/1) D:4            Lair (3/6) D:11
    Orc (0/2) D:9         Ossuary (visited)
  Swamp: Lair:2-4    Shoals: Lair:2-4     Snake: Lair:2-4    Spider: Lair:2-4

Altars:
Ashenzari
Cheibriados
Dithmenos
Elyvilon
Fedhas
Gozag
Hepliaklqana
Kikubaaqudgha
Makhleb
Nemelex Xobeh
Okawaru
Qazlal
Ru
Sif Muna
Trog
Uskayaw
Vehumet
Wu Jian
Xom
Yredelemnul
Zin
The Shining One

Shops:
D:5 :   D:9 [


Innate Abilities, Weirdness & Mutations

You have razor-sharp teeth.
Your natural rate of healing is unusually fast.
When hurt, damage is shared between your health and your magic reserves.
Your bite disrupts and absorbs the magic of your enemies.
Potions cannot restore your health.


Message History

The wolf is moderately wounded.
The wolf bites you! x2; The wolf bites you but does no damage.
The death yak completely misses your hell rat.
You puncture the wolf! Your bite misses the wolf.
The wolf is severely wounded.
The wolf closely misses you. The wolf barely misses you.
The wyvern closely misses you. The wolf bites you.
Your hell rat bites the wolf!
The wolf misses you. The wyvern bites you! The death yak gores your hell rat!!
Your hell rat dies!
The wolf completely misses you. The wyvern bites you!
* * * LOW HITPOINT WARNING * * *
The wolf bites something!
The wyvern hisses menacingly.
The wolf bites something.
The wolf bites you but does no damage.
As you read the scroll labelled QUIDAGRUUH, it crumbles to dust.
It is a scroll of identify.
Really abort (and waste the scroll)?
n - 6 scrolls of magic mapping A nearby fungus withers and dies.
The wyvern bites you but does no damage.
The wolf completely misses you. The wyvern closely misses you.
Unknown command.
As you read the scroll labelled FIQUAR KOHIFAPT, it crumbles to dust.
You feel strangely unstable.
It was a scroll of teleportation.
The wolf bites you but does no damage. The wolf barely misses you.
You block the wolf's attack. The wyvern bites you!
* * * LOW HITPOINT WARNING * * *
The wolf bites you!
* * * LOW HITPOINT WARNING * * *
The wolf misses you. The wolf completely misses you. The wyvern misses you.
The wolf bites you but does no damage.
Your surroundings seem slightly different.
A nearby plant withers and dies.
As you read the scroll of teleportation, it crumbles to dust.
You feel strangely unstable. The wolf bites you.
* * * LOW HITPOINT WARNING * * *
The wolf bites you.
You die...

#...÷...................
##.......................
#........................
#........................
#######......................
#####.##..#...................##.
..#......................#######.
.........................## ##.
................@l........# ##P.
.....#).........hh...§...## #...
..........................# ##.#
.................YhY.....## ##.≈
###.....................## #..≈ #
##.##.#..........##P.## #..≈
#####.#........###### ##.≈ ##
###.........# ###≈≈ .##
####.##.....### #.≈≈≈


You could see 2 death yaks, a wyvern and 3 wolves.

Vanquished Creatures
  Harold (D:10)
  3 hydras
  A boulder beetle (D:11)
  A catoblepas (Lair:3)
  2 two-headed ogres
  Pikel (D:5)
  A black mamba (Lair:3)
  3 cane toads
  An unseen horror (D:10)
  4 komodo dragons
  3 polar bears
  3 trolls (D:9)
  A shadow (D:11)
  2 wraiths (D:10)
  14 yaks
  4 basilisks
  3 steam dragons
  2 acid dragons (D:11)
  6 water moccasins
  7 orc warriors
  An ice beast (D:7)
  2 black bears
  A hornet zombie (D:9)
  9 wolves (Lair:2)
  2 necrophages
  3 ogres
  2 centaurs
  A lemure (D:5)
  2 phantoms
  2 elf zombies (Ossuary)
  2 kobold brigands
  9 bullfrogs
  A wyvern zombie (D:5)
  A water moccasin zombie (D:5)
  5 scorpions
  2 wyvern skeletons
  6 killer bees
  5 wights
  4 howler monkeys
  A bullfrog zombie (D:6)
  10 orc priests
  3 centaur zombies
  A hound (D:2)
  A jelly (D:5)
  3 bullfrog skeletons
  A centaur skeleton (D:6)
  2 gnoll shamans
  2 iguanas
  Natasha (D:3)
  7 orc wizards
  5 hell rats (D:6)
  A hound skeleton (D:4)
  3 hound zombies
  3 mummies (Ossuary)
  3 howler monkey zombies
  7 adders
  14 gnolls
  16 river rats (D:6)
  3 shadow imps
  A white imp (D:7)
  2 ufetubi
  4 adder zombies (Ossuary)
  2 adder skeletons (D:4)
  A worm (D:2)
  2 dart slugs
  69 orcs
  2 endoplasms
  2 giant cockroaches
  9 goblins
  7 hobgoblins
  13 jackals
  3 quokkas
  10 ball pythons
  9 bats
  7 frilled lizards
  2 gnoll zombies (Ossuary)
  2 goblin zombies (Ossuary)
  4 hobgoblin zombies (Ossuary)
  5 jackal zombies (Ossuary)
  18 kobolds
  5 kobold zombies (Ossuary)
  An orc zombie (Ossuary)
  4 quokka zombies (Ossuary)
  12 rats
  4 rat zombies (Ossuary)
410 creatures vanquished.

Vanquished Creatures (collateral kills)
  Erica (D:10)
  A yak (D:7)
  A gnoll sergeant (D:7)
  2 gnolls (D:7)
5 creatures vanquished.

Vanquished Creatures (others)
  A fungus (Lair:3)
  29 plants
30 creatures vanquished.

Grand Total: 445 creatures vanquished

Notes
Turn   | Place    | Note
-------+----------+-------------------------------------------
     0 | D:1      | HAL9000 the Vine Stalker Brigand began the quest for the
                  | Orb.
     0 | D:1      | Reached XP level 1. HP: 11/11 MP: 2/2
   401 | D:1      | Reached XP level 2. HP: 15/15 MP: 3/3
   952 | D:1      | Reached XP level 3. HP: 14/18 MP: 4/4
  2066 | D:2      | Gained mutation: Your natural rate of healing is unusually
                  | fast. [Vine Stalker growth]
  2066 | D:2      | Reached XP level 4. HP: 20/23 MP: 3/5
  2700 | D:2      | Reached XP level 5. HP: 20/26 MP: 3/6
  2764 | D:2      | Reached skill level 5 in Throwing
  3447 | D:3      | Noticed Natasha
  3452 | D:3      | Killed Natasha
  3453 | D:3      | Reached XP level 6. HP: 30/30 MP: 7/7
  3795 | D:3      | Found a faded altar of an unknown god.
  4092 | D:4      | Identified the +1 plate armour of Lagrusm {Rampage Drain
                  | Dex+7}
  4414 | D:4      | Reached skill level 2 in Short Blades
  4468 | D:4      | Noticed a black bear
  4483 | D:4      | Killed a black bear
  4484 | D:4      | Reached skill level 3 in Short Blades
  4484 | D:4      | Reached XP level 7. HP: 34/34 MP: 8/8
  4766 | D:4      | Reached skill level 4 in Short Blades
  4940 | D:4      | Reached skill level 5 in Short Blades
  5115 | D:4      | Gained mutation: You have razor-sharp teeth. [Vine Stalker
                  | growth]
  5115 | D:4      | Reached XP level 8. HP: 34/38 MP: 6/9
  5308 | D:4      | Found a staircase to the Ecumenical Temple.
  5317 | Temple   | Entered the Ecumenical Temple
  5531 | Temple   | Became a worshipper of Uskayaw the Reveller
  5613 | D:5      | Entered Level 5 of the Dungeon
  5692 | D:5      | Reached * piety under Uskayaw
  5699 | D:5      | Reached ** piety under Uskayaw
  5703 | D:5      | Found Megicuz's Book Boutique.
  5710 | D:5      | Reached *** piety under Uskayaw
  5733 | D:5      | Reached skill level 6 in Short Blades
  5853 | D:5      | Found a snail-covered altar of Cheibriados.
  5854 | D:5      | Noticed Pikel
  5913 | D:5      | Killed Pikel
  5914 | D:5      | Reached skill level 7 in Short Blades
  5991 | D:5      | Reached **** piety under Uskayaw
  6086 | D:5      | Reached XP level 9. HP: 40/44 MP: 7/10
  6213 | D:5      | Reached skill level 8 in Short Blades
  6501 | D:6      | Reached ***** piety under Uskayaw
  6527 | D:6      | Reached ****** piety under Uskayaw
  6676 | D:6      | Reached skill level 9 in Short Blades
  6770 | D:6      | Reached skill level 5 in Stealth
  7436 | D:6      | Found the +2 ratskin cloak {*Rats rPois rN+ Str-1 Int-1
                  | Dex+1}
  7897 | D:7      | Found a sand-covered staircase.
  7966 | Ossuary  | Entered an ossuary
  8048 | Ossuary  | Reached XP level 10. HP: 51/51 MP: 11/11
  8438 | D:7      | Reached skill level 10 in Stealth
  8783 | D:7      | Reached skill level 1 in Invocations
  9172 | D:7      | Reached skill level 1 in Shields
 10064 | D:8      | Learned a level 3 spell: Swiftness
 10071 | D:8      | Learned a level 6 spell: Invisibility
 10085 | D:8      | Found a flagged portal.
 10093 | D:8      | Identified the +2 halberd "Winawn" {freeze, *Rage rPois rC-
                  | SInv}
 10431 | D:8      | Noticed a two-headed ogre
 10453 | D:8      | Killed a two-headed ogre
 10454 | D:8      | Reached skill level 5 in Invocations
 10858 | D:9      | Reached XP level 11. HP: 38/54 MP: 16/16
 10931 | D:9      | Found a sparkling altar of Nemelex Xobeh.
 11116 | D:9      | Found a basalt altar of Yredelemnul.
 11337 | D:9      | Found a staircase to the Orcish Mines.
 11416 | D:9      | Found Lutelaph's Armour Shoppe.
 11489 | D:9      | Noticed a two-headed ogre
 11501 | D:9      | Killed a two-headed ogre
 12033 | D:10     | Entered Level 10 of the Dungeon
 12102 | D:10     | Found a stormy altar of Qazlal.
 12416 | D:10     | Noticed Erica
 12585 | D:10     | Killed Erica
 12586 | D:10     | Reached skill level 10 in Invocations
 12849 | D:10     | Noticed Harold
 12867 | D:10     | Killed Harold
 12910 | D:11     | Noticed a boulder beetle
 12928 | D:11     | Killed a boulder beetle
 13039 | D:11     | Reached skill level 5 in Fighting
 13101 | D:11     | Noticed a seven-headed hydra
 13111 | D:11     | Killed a five-headed hydra
 13112 | D:11     | Reached XP level 12. HP: 30/60 MP: 8/20
 13374 | D:11     | Found a staircase to the Lair.
 13662 | D:11     | Reached skill level 10 in Short Blades
 13793 | Lair:1   | Entered Level 1 of the Lair of Beasts
 13885 | Lair:1   | Noticed a five-headed hydra
 13905 | Lair:1   | Killed a one-headed hydra
 14062 | Lair:1   | Noticed an eight-headed hydra
 14087 | Lair:1   | Killed a three-headed hydra
 15214 | Lair:2   | Reached skill level 11 in Short Blades
 15826 | Lair:3   | Noticed a catoblepas
 15836 | Lair:3   | Killed a catoblepas
 16386 | Lair:3   | Noticed a death yak
 16386 | Lair:3   | Noticed a death yak
 16392 | Lair:3   | Noticed a death yak
 16422 | Lair:3   | HP: 2/63 [wolf (6)]
 16426 | Lair:3   | Slain by a wolf

Illustrated notes

Levels and vault maps discovered:
D:1:      lemuel_arrival_broad_hall, layout_basic, chequers_avenue
D:2:      cheibrodos_pilgrimage, layout_basic
D:3:      layout_basic, shapermc_ecumenical_altar_notcrosses, uniq_natasha
D:4:      layout_basic, minmay_temple_entry_fiery, st_stairs_11,
          lexackson_kobold_supper
D:5:      layout_rooms, amcnicky_altar_gilded, serial_shops,
          nicolae_shop_temple_entry_statues_fountains, uniq_pikel
D:6:      wander_guarded_unrand_ratskin, layout_loops_ring, st_stairs_14
D:7:      layout_cave_pods, chequers_ossuary_entry_cave, sigmund_army
D:8:      layout_basic, enter_bailey_2, minmay_increasing_density
D:9:      layout_basic, mainiacjoe_overflow_alcove_1,
          mainiacjoe_overflow_24_doors, hiddenorc1_lemuel, serial_shops, shop,
          bh_walls_and_bars
D:10:     layout_long_grid, lemuel_coloured_pillars_altar, uniq_harold,
          uniq_erica
D:11:     layout_roguey, dpeg_oklobed_lair, special_room [special_room_orc],
          gauntlet_entry_generic
Temple:   dpeg_five_rooms_temple
Lair:1:   layout_cellular_growth, lemuel_fruit_fields, grunt_megastairs_2
Lair:2:   layout_loops_ring
Lair:3:   layout_hall_layers, serial_bayou_shore_b, infiniplex_staircase_pool_2,
          lemuel_fruit_fields

Skill      XL: |  1  2  3  4  5  6  7  8  9 10 11 12 |
---------------+-------------------------------------+-----
Throwing       | 2 3 4 5 6 |  6.4
Short Blades   | 3 5 7 9 11 | 11.5
Fighting       | 3 4 5 7 |  7.5
Stealth        | 8 10 | 10.2
Invocations    | 6 10 | 10.6
Shields        | 4 |  4.0
Dodging        | |  0.7

Action                   |  1- 3 |  4- 6 |  7- 9 | 10-12 || total
-------------------------+-------+-------+-------+-------++-------
Melee: Dagger            |   107 |   202 |   622 |   552 ||  1483
       Bite              |    29 |    57 |   216 |   349 ||   651
       Rapier            |       |       |       |   374 ||   374
       Scimitar          |       |       |       |    16 ||    16
Throw: Dart              |     9 |    30 |    14 |    33 ||    86
       Boomerang         |       |       |    32 |    19 ||    51
  Use: Scroll            |       |       |       |     3 ||     3
 Stab: Sleeping          |     8 |    13 |     5 |    27 ||    53
       Paralysed         |       |       |    10 |    29 ||    39
       Distracted        |       |       |     5 |     5 ||    10
Armor: Robe              |    33 |    41 |    59 |   147 ||   280
Dodge: Dodged            |    55 |   120 |   223 |   353 ||   751
Block: Buckler           |       |       |       |   117 ||   117

Table legend: (Time is in decaauts)
 A = Elapsed time spent in this place.
 B = Non-inter-level travel time spent in this place.
 C = Inter-level travel time spent in this place.
 D = Time resting spent in this place.
 E = Time spent auto-exploring this place.
 F = Levels seen in this place.
 G = Mean time per level.
                   A        B        C        D        E       F      G
               +--------+--------+--------+--------+--------+-----+--------+
         Total |  15502 |  14699 |    803 |   1249 |  10122 |  16 |  968.9 |
       Dungeon |  12418 |  11725 |    693 |   1249 |   7636 |  11 | 1128.9 |
        Temple |    267 |    215 |     52 |      0 |    201 |   1 |  267.0 |
          Lair |   2581 |   2524 |     57 |      0 |   2156 |   3 |  860.3 |
       Ossuary |    234 |    234 |      0 |      0 |    129 |   1 |  234.0 |
               +--------+--------+--------+--------+--------+-----+--------+

Top non-repeatable levels by time:
     D:1: 1680 daAuts
     D:2: 1517 daAuts
     D:7: 1329 daAuts
     D:9: 1287 daAuts
     D:6: 1159 daAuts
     D:4: 1110 daAuts
  Lair:1: 1077 daAuts
     D:8: 1000 daAuts
     D:3: 922 daAuts
    D:10: 868 daAuts
    D:11: 844 daAuts
  Lair:2: 761 daAuts
  Lair:3: 742 daAuts
     D:5: 698 daAuts
  Temple: 267 daAuts
